 Dungeon Crawl Stone Soup version 0.31-a0-1540-g5a0b83f448 (webtiles) character file.

Game seed: 11047272335752002892

245414 freelancePsychic the Warrior (level 20, -4/157 HPs)
             Began as a Djinni Shapeshifter on Jan 1, 2024.
             Was the Champion of Makhleb.
             Slain by a demonspawn corrupter
             ... wielding a +1 demon trident of electrocution
              (8 damage)
             ... in a wizard's laboratory.
             The game lasted 01:36:03 (51629 turns).

freelancePsychic the Warrior (Djinni Shapeshifter) Turns: 51629, Time: 01:36:04

Health: -4/157     AC: 15    Str: 13 (16) XL:     20   Next: 26%
Gold:   1721       EV: 21    Int: 17 (22) God:    Makhleb [******] SH:  6 Dex: 14 (15)

rFire   + + +        m - staff of cold
rCold   . . .        k - +0 buckler
rNeg    . . .        D - +1 leather armour {rF+}
rPois   ∞            n - +1 helmet of Ofithriso {^Drain rF+++ rCorr Int+3}
rElec   .            f - +1 cloak
rCorr   +            z - +2 pair of gloves {Str+3}
SInv    .            (boots unavailable)
Will    ++...        j - amulet of the acrobat
Stlth   +            p - +5 ring of evasion
HPRegen 0.46/turn    J - +4 ring of protection
MPRegen 0.00/turn

%: acrobat, infuse magic (-5 HP)
@: about to teleport, flying, invisible
A: sickness immunity, fire resistance 2, cold vulnerability 1, float, innate
caster, HP casting, extra vitality 1
}: 2/15 runes: decaying, gossamer
a: Renounce Religion, Minor Destruction, Lesser Servant of Makhleb, Major
Destruction, Greater Servant of Makhleb


You were in a wizard's laboratory.
You worshipped Makhleb.
Makhleb was exalted by your worship.
You visited 6 branches of the dungeon, and saw 31 of its levels.
You visited the Abyss 1 time.
You also visited: Ossuary, Gauntlet and Wizlab.

You collected 3168 gold pieces.
You spent 1447 gold pieces at shops.

Inventory:

Hand Weapons
 L - a +1 demon whip of freezing
Missiles
 C - a throwing net
Armour
 f - a +1 cloak (worn)
 k - a +0 buckler (worn)
 n - the +1 helmet of Ofithriso (worn) {^Drain rF+++ rCorr Int+3}
   (You found it in a Gauntlet)

   Int+3:     It affects your intelligence (+3).
   rF+++:     It renders you almost immune to fire.
   rCorr:     It protects you from acid and corrosion.
   ^Drain:    It drains your maximum health when unequipped.
 z - a +2 pair of gloves of strength (worn)
 D - a +1 leather armour of fire resistance (worn)
Magical Staves
 m - a staff of cold (weapon)
 Z - a staff of air
Jewellery
 j - an amulet of the acrobat (around neck)
 p - a +5 ring of evasion (left hand)
 r - a ring of fire
 s - a +6 ring of intelligence
 J - a +4 ring of protection (right hand)
 M - a ring of see invisible
 U - a ring of protection from cold
Talismans
 c - a beast talisman
 d - a flux talisman
Wands
 a - a wand of roots (51)
 i - a wand of paralysis (71)
 F - a wand of flame (74)
 T - a wand of acid (48)
 X - a wand of mindburst (17)
Scrolls
 b - a scroll of revelation
 g - 13 scrolls of teleportation {@r4}
 h - a scroll of vulnerability
 t - 3 scrolls of fog
 w - 2 scrolls of silence
 A - 4 scrolls of identify {@r1}
 H - 3 scrolls of immolation
 I - 6 scrolls of enchant weapon
 P - 2 scrolls of enchant armour
 Q - a scroll of poison
 R - 5 scrolls of fear
 S - 7 scrolls of brand weapon
 Y - 4 scrolls of noise
Potions
 e - 3 potions of ambrosia
 o - a potion of resistance {unknown}
 q - 3 potions of brilliance
 u - 7 potions of haste {unknown}
 x - 2 potions of berserk rage
 B - 3 potions of mutation {unknown}
 E - 5 potions of attraction
 G - 6 potions of lignification
 N - 2 potions of cancellation {unknown}
 O - 4 potions of enlightenment
 W - 3 potions of might {unknown}
Miscellaneous
 l - a lightning rod (2/4)
 y - a phial of floods (inert)
 V - a phantom mirror


   Skills:
 + Level 18.2 Fighting
 + Level 3.1 Armour
 - Level 10.4 Dodging
 - Level 10.0 Shields
 - Level 3.0 Unarmed Combat
 * Level 17.3 Spellcasting
 * Level 17.3 Conjurations
 * Level 17.3 Hexes
   Level 0.0 Charms
 * Level 17.3 Summonings
 * Level 17.3 Necromancy
 * Level 17.3 Translocations
   Level 0.0 Transmutations
 * Level 17.3 Fire Magic
 * Level 17.3 Ice Magic
 * Level 17.3 Air Magic
 * Level 17.3 Earth Magic
 * Level 17.3 Alchemy
 - Level 15.8 Invocations
 - Level 7.0 Evocations
 - Level 2.6 Shapeshifting


You knew the following spells:

 Your Spells              Type           Power      Damage    Failure   Level
a - Sculpt Simulacrum     Ice/Alch       42%        N/A       1%          6
b - Freezing Cloud        Conj/Ice/Air   42%        6-21      1%          5
c - Passwall              Erth           65%        N/A       0%          3
d - Fulminant Prism       Conj/Alch      32%        3d16      1%          4
e - Sticky Flame          Fire/Alch      65%        2d11      1%          4
f - Static Discharge      Conj/Air       100%       3-8/arc   0%          2
g - Slow                  Hex            100%       N/A       0%          1
h - Summon Hydra          Summ           32%        N/A       4%          7
i - Enfeeble              Hex            32%        N/A       4%          7
Your spell library was empty.

Dungeon Overview and Level Annotations

Branches:
Dungeon (15/15)            Temple (0/1) D:6            Lair (5/5) D:10
  Swamp (4/4) Lair:3       Spider (4/4) Lair:2        Slime (0/5) Lair:5
    Orc (2/2) D:11            Elf (0/3) Orc:2        Vaults (1/5) D:13
 Depths (0/4) D:15        Ossuary (visited)          WizLab (1/1)
Gauntlet (visited)

Altars:
Gozag
Makhleb
Trog
Uskayaw
Jiyva

Shops:
Orc:2 ?*=(*

Portals:
Abyss: Lair:3
Pandemonium: Orc:2

Annotations:
D:2 1 runed translucent door, Crazy Yiuf
D:10 1 runed translucent door
D:11 2 transporters, Pokonic1's ghost, journeyman FoFi
Lair:3 2 transporters, freelancePsychic's ghost, journeyman DjSh
Swamp:1 Roxanne WizLab 3 transporters, exclusion: 2 obsidian statues


Innate Abilities, Weirdness & Mutations

You are immune to sickness and miasma.
You are immune to poison.
Your flesh is very heat resistant. (rF++)
You are vulnerable to cold. (rC-)
You float through the air rather than walking.
You learn spells naturally, not from books.
Your magical power is your life essence.
You have superior vitality. (+4 MHP)


Message History

You break out of your daze!
You feel you are being watched by something.
Something hits you but does no damage. Something hits you!
* * * LOW HITPOINT WARNING * * *
You feel weakened. Something stings you.
* * * LOW HITPOINT WARNING * * *
You feel dopey. You block the shadow imp's attack.
The demonspawn corrupter completely misses you.
The obsidian statue's eyes glow briefly.
The obsidian statue attempts to bespell you!
You resist.
The golden dragon bites you but does no damage.
The golden dragon closely misses you. You block the golden dragon's attack.
Unknown command.
Unknown command.
Unknown command.
You feel better.
The golden dragon disappears in a puff of smoke!
Something hits you but does no damage. Something closely misses you.
Something stings you!
* * * LOW HITPOINT WARNING * * *
You feel weakened. The shadow imp barely misses you.
The demonspawn corrupter barely misses you.
The shadow imp summons a swarm of flies.
The shadow imp gestures at you. You resist with almost no effort.
The white imp hits you but does no damage.
Unknown command.
Unknown command.
You fade into invisibility!
Something barely misses you. Something misses you.
Something stings you but does no damage.
The shadow imp closely misses you.
The demonspawn corrupter hits you from afar with a +1 demon trident of electrocution!
* * * LOW HITPOINT WARNING * * *
You are electrocuted!
You die...

#######..#.≈≈#....#...##...##..#.
##.######...######..#≈..#.#..##
#≈.#.#.≈...##..#..≈.######.##≈.
#.##...#.#.#.≈#.#..##.#.≈....#.#
#.# ###.##..≈#..#.#.#.#.#..#^#.##
## #.#≈.#.≈.######∩######.#.#.#
###...##.####°§###§§####.###.
.####.≈.#.≈≈.####56§#§§§####..###
...≈###..#..####@§5§6..!∩# ##.#..
####..#..#...#§H5{§§§w5.§§ #.#.#.
...###...#≈.##§§§§§#§#\..§ ##.#..
.....###...≈.##§§§##5##>..##.#.#.
......###.≈#≈∩##§[?8_8.5.##©≈≈^..
.......#.≈.#.##..─##?##...##.#...
##.....####.##.[..\#*#5..§ ##.≈##
......##.##..#§§...V.....§ #.....
.....###..≈.####⌠.§...§§©# ##.#..


You could see a demonspawn corrupter (unable to see you), a sphinx (summoned),
an obsidian statue, a white imp (summoned, unable to see you) and 2 shadow imps.

Vanquished Creatures
  Mlioglotl (Swamp:1)
  A thorn hunter (Swamp:4)
  3 fenstrider witches
  3 emperor scorpions (Spider:4)
  A ghost moth (Spider:4)
  An eleionoma (Swamp:1)
  A minotaur (Gauntlet)
  An ettin (Orc:2)
  A blizzard demon (Swamp:4)
  A shambling mangrove (Swamp:4)
  8 vault guards (D:13)
  2 fire dragons
  A rakshasa (D:15)
  11 hydras
  3 demonspawn (Orc:2)
  9 nameless horrors
  2 ogre magi (Swamp:4)
  3 centaur warriors
  8 alligators
  2 ghost crabs (Swamp:2)
  2 jorogumos (Spider:4)
  An ironbound frostheart (Vaults:1)
  2 two-headed ogres
  7 boulder beetles
  An occultist (Swamp:4)
  Urug (Lair:2)
  6 orc high priests (Orc:2)
  A skyshark (Lair:5)
  A fire crab (Lair:5)
  5 skeletal warriors (D:14)
  A sixfirhy (Orc:2)
  2 pharaoh ants
  A spriggan druid (Swamp:3)
  10 goliath frogs
  An orb spider (shapeshifter) (WizLab)
  3 bog bodies
  A swamp dragon (Lair:5)
  4 orb spiders (Spider:4)
  A sun moth (Spider:4)
  3 lindwurms
  An arcanist (D:15)
  5 wolf spiders
  4 orc knights (Orc:2)
  A deep elf pyromancer (D:14)
  Pikel (D:5)
  5 orc sorcerers (Orc:2)
  A moth of wrath (Spider:4)
  3 worldbinders
  Maurice (D:10)
  2 will-o-the-wisps
  2 manticores
  9 cyclopes
  A meliai (Spider:3)
  5 elephants (Lair:4)
  3 torpor snails
  7 black mambas
  3 kobold blastminers
  4 gargoyles
  A guardian serpent (Lair:5)
  13 cane toads
  An unseen horror (D:10)
  A kobold demonologist (D:11)
  8 komodo dragons
  5 rime drakes
  An efreet (WizLab)
  5 yaktaurs (D:15)
  2 tengu conjurers (D:10)
  7 trolls
  A polar bear (Lair:4)
  A hellwing (WizLab)
  A polar bear (shapeshifter) (D:13)
  Prince Ribbit (Lair:3)
  14 hornets
  3 tyrant leeches
  18 blink frogs
  6 tarantellas
  13 dream sheep (Lair:5)
  21 slime creatures
  2 vampires (D:11)
  10 spriggans
  10 jumping spiders
  3 centaur simulacra (Gauntlet)
  11 culicivoras
  18 wyverns
  4 shadows (D:11)
  2 wraiths
  5 basilisks
  4 fire bats (Lair:2)
  25 yaks
  25 redbacks
  15 vampire mosquitoes
  2 neqoxecs (Swamp:4)
  4 steam dragons
  10 swamp worms
  3 acid dragons
  21 water moccasins
  A swamp drake (Lair:5)
  2 sky beasts
  A meliai simulacrum (Gauntlet)
  29 orc warriors
  4 black bears
  9 ogres
  17 wolves
  5 boggarts
  2 lemures (D:5)
  2 phantoms (D:11)
  23 centaurs
  A kobold brigand (D:10)
  Blork the orc (D:5)
  A weeping skull (Ossuary)
  An elf zombie (Ossuary)
  9 bullfrogs
  2 scorpions
  11 wights
  3 troll zombies (D:11)
  A hornet simulacrum (Gauntlet)
  12 killer bees
  3 howler monkeys
  A centaur zombie (Ossuary)
  2 human zombies (Ossuary)
  4 hounds
  18 orc priests
  3 jellies (D:6)
  3 iguanas
  19 orc wizards
  2 sleepcaps
  3 ogre zombies (D:11)
  A bullfrog simulacrum (Ossuary)
  4 hound zombies (Ossuary)
  2 mummies (Ossuary)
  4 adders
  A white imp (D:7)
  3 ufetubi (D:6)
  6 adder zombies (Ossuary)
  2 dart slugs
  A ribbon worm (D:5)
  70 orcs
  7 ball pythons
  5 endoplasms
  2 giant cockroaches (D:2)
  9 hobgoblins
  2 jackals (D:3)
  6 quokkas
  4 ball python zombies (Ossuary)
  8 bats
  2 frilled lizards
  A gnoll skeleton (D:11)
  2 gnoll zombies (D:11)
  10 goblins
  3 jackal zombies (Ossuary)
  18 kobolds
  5 kobold zombies (Ossuary)
  An orc skeleton (D:11)
  17 orc zombies
  7 rats
870 creatures vanquished.

Vanquished Creatures (collateral kills)
  A profane servitor (WizLab)
  2 tentacled monstrosities (Swamp:4)
  A tentacled starspawn (WizLab)
  7 emperor scorpions
  A draconian shifter (WizLab)
  7 fenstrider witches
  A balrug (WizLab)
  6 ghost moths
  A quicksilver ooze (Gauntlet)
  A ghoul (Swamp:4)
  2 reapers
  2 broodmothers
  A very ugly thing (WizLab)
  3 eleionomae
  3 bunyips
  2 spark wasps
  Josephine (Orc:2)
  2 entropy weavers
  7 jorogumos (Spider:4)
  A rakshasa (WizLab)
  3 hydras
  3 ghost crabs
  2 ogre magi (Swamp:4)
  2 radroaches
  An ice dragon (D:15)
  A boulder beetle (Spider:2)
  6 alligators
  8 demonic crawlers
  An occultist (Swamp:4)
  A spriggan berserker (Swamp:4)
  2 soul eaters
  A sun demon (Orc:2)
  A pharaoh ant (Spider:3)
  A death drake (WizLab)
  A sixfirhy (Swamp:4)
  6 orb spiders
  A swamp dragon (Swamp:4)
  4 spriggan druids (Swamp:4)
  A shadow demon (WizLab)
  A deep elf pyromancer (Swamp:4)
  2 bog bodies
  5 steelbarb worms
  3 will-o-the-wisps
  A worldbinder (WizLab)
  13 wolf spiders
  2 moths of wrath (Spider:1)
  11 meliai
  11 nameless horrors
  A black mamba (shapeshifter) (WizLab)
  3 black mambas (Lair:5)
  3 torpor snails
  A cane toad (Lair:5)
  2 orange demons (Swamp:4)
  A dire elephant skeleton (WizLab)
  A komodo dragon (Lair:5)
  A bloated husk (Swamp:4)
  2 hornets
  2 raiju (WizLab)
  11 tarantellas
  2 hellwings
  3 blink frogs (Lair:4)
  5 tyrant leeches
  21 jumping spiders
  12 culicivoras
  A spriggan (Swamp:4)
  4 wraiths (Orc:2)
  3 wyverns (Lair:5)
  A steam dragon (Lair:5)
  A warg (Orc:2)
  6 vampire mosquitoes (Spider:2)
  20 redbacks
  4 water moccasins (Lair:5)
  5 swamp worms
  4 orc warriors (Orc:2)
  A bullfrog (Lair:4)
  A kobold brigand (D:8)
  A wight (D:8)
  3 orc priests (Orc:2)
  An orc wizard (Orc:2)
  4 orcs (Orc:2)
278 creatures vanquished.

Vanquished Creatures (others)
  2 bloated husks
  2 tyrant leeches (Spider:2)
  A tarantella (Spider:2)
  A swamp worm (Swamp:2)
  An iguana (Lair:5)
  An orc wizard (Orc:2)
  26 foxfires
  38 fulminant prisms
  2 starspawn tentacles (WizLab)
74 creatures vanquished.

Grand Total: 1222 creatures vanquished

Notes
Turn   | Place    | Note
-------+----------+-------------------------------------------
     0 | D:1      | freelancePsychic the Djinni Shapeshifter began the quest
                  | for the Orb.
     0 | D:1      | Reached XP level 1. HP: 17/17 MP: 0/0
    87 | D:1      | Reached skill level 1 in Spellcasting
    87 | D:1      | Reached skill level 1 in Conjurations
    87 | D:1      | Reached skill level 1 in Hexes
    87 | D:1      | Reached skill level 1 in Summonings
    87 | D:1      | Reached skill level 1 in Necromancy
    87 | D:1      | Reached skill level 1 in Translocations
    87 | D:1      | Reached skill level 1 in Fire Magic
    87 | D:1      | Reached skill level 1 in Ice Magic
    87 | D:1      | Reached skill level 1 in Air Magic
    87 | D:1      | Reached skill level 1 in Earth Magic
    87 | D:1      | Reached skill level 1 in Alchemy
    87 | D:1      | Reached XP level 2. HP: 11/22 MP: 0/0
   453 | D:1      | Reached XP level 3. HP: 27/27 MP: 0/0
   453 | D:1      | Learned a level 1 spell: Slow
   876 | D:2      | Found a runed translucent door.
   877 | D:2      | Noticed Crazy Yiuf
  1011 | D:2      | Found a burning altar of Makhleb.
  1018 | D:2      | Became a worshipper of Makhleb the Destroyer
  1435 | D:3      | Reached skill level 2 in Fighting
  1681 | D:3      | Reached XP level 4. HP: 33/33 MP: 0/0
  1824 | D:3      | Reached skill level 1 in Invocations
  1824 | D:3      | Reached skill level 1 in Evocations
  2088 | D:3      | Found a faded altar of an unknown god.
  2259 | D:3      | Reached * piety under Makhleb
  2535 | D:4      | Reached XP level 5. HP: 32/39 MP: 0/0
  2535 | D:4      | Learned a level 2 spell: Static Discharge
  2996 | D:4      | Found a hide-covered altar of Uskayaw.
  3181 | D:4      | Found an opulent altar of Gozag.
  3199 | D:4      | Found a bloodstained altar of Trog.
  3379 | D:5      | Entered Level 5 of the Dungeon
  3389 | D:5      | Noticed an ogre
  3399 | D:5      | Killed an ogre
  3400 | D:5      | Reached skill level 3 in Fighting
  3400 | D:5      | Reached XP level 6. HP: 42/46 MP: 0/0
  3493 | D:5      | Found a sand-covered staircase.
  3503 | Ossuary  | Entered an ossuary
  3734 | Ossuary  | Reached XP level 7. HP: 19/51 MP: 0/0
  3734 | Ossuary  | Learned a level 3 spell: Passwall
  3906 | Ossuary  | Identified a scroll of acquirement
  3906 | Ossuary  | Acquired the +0 cloak "Denyrun" {Str-4 Slay+5}
  3916 | Ossuary  | Reached ** piety under Makhleb
  3924 | Ossuary  | Reached skill level 4 in Fighting
  4516 | D:5      | Noticed Pikel
  4789 | D:5      | Killed Pikel
  4790 | D:5      | Reached skill level 5 in Fighting
  4790 | D:5      | Reached skill level 5 in Invocations
  4790 | D:5      | Reached XP level 8. HP: 37/59 MP: 0/0
  4917 | D:5      | Noticed Blork the orc
  4925 | D:5      | Killed Blork the orc
  5280 | D:6      | Reached XP level 9. HP: 63/65 MP: 0/0
  5280 | D:6      | Learned a level 4 spell: Fulminant Prism
  5775 | D:6      | Found a staircase to the Ecumenical Temple.
  5840 | D:6      | Reached skill level 6 in Fighting
  6347 | D:6      | Noticed a komodo dragon
  6604 | D:6      | Noticed a troll
  6776 | D:7      | Reached *** piety under Makhleb
  7234 | D:7      | HP: 3/67 [sky beast (6)]
  7520 | D:7      | Reached skill level 7 in Fighting
  7520 | D:7      | Reached XP level 10. HP: 47/75 MP: 0/0
  8081 | D:8      | Reached skill level 5 in Spellcasting
  8081 | D:8      | Reached skill level 5 in Conjurations
  8081 | D:8      | Reached skill level 5 in Hexes
  8081 | D:8      | Reached skill level 5 in Summonings
  8081 | D:8      | Reached skill level 5 in Necromancy
  8081 | D:8      | Reached skill level 5 in Translocations
  8081 | D:8      | Reached skill level 5 in Fire Magic
  8081 | D:8      | Reached skill level 5 in Ice Magic
  8081 | D:8      | Reached skill level 5 in Air Magic
  8081 | D:8      | Reached skill level 5 in Earth Magic
  8081 | D:8      | Reached skill level 5 in Alchemy
  8110 | D:8      | Reached skill level 8 in Fighting
  8594 | D:8      | Noticed a gargoyle
  9040 | D:6      | Reached skill level 9 in Fighting
  9161 | D:6      | Killed a komodo dragon
  9696 | D:8      | Killed a gargoyle
  9697 | D:8      | Reached XP level 11. HP: 18/84 MP: 0/0
  9697 | D:8      | Learned a level 4 spell: Sticky Flame
 11107 | D:9      | Reached skill level 10 in Fighting
 11116 | D:9      | Reached **** piety under Makhleb
 11990 | D:10     | Entered Level 10 of the Dungeon
 12004 | D:10     | Noticed Maurice
 12027 | D:10     | Killed Maurice
 12031 | D:10     | Noticed a two-headed ogre
 12033 | D:10     | Reached skill level 5 in Evocations
 12038 | D:10     | Killed a two-headed ogre
 12646 | D:10     | Noticed a fire giant
 12646 | D:10     | Identified the ring "Beme" {rPois rCorr}
 12646 | D:10     | Noticed a frost giant
 12647 | D:10     | Noticed an orc knight
 12647 | D:10     | Found a runed translucent door.
 12648 | D:10     | Noticed an ogre mage
 12649 | D:10     | Noticed a centaur warrior
 12698 | D:10     | Reached XP level 12. HP: 70/93 MP: 0/0
 12913 | D:10     | Found a staircase to the Lair.
 13100 | D:11     | Reached skill level 11 in Fighting
 13744 | D:11     | Reached ***** piety under Makhleb
 13789 | D:11     | Found a staircase to the Orcish Mines.
 14093 | D:11     | Found a transporter.
 14096 | D:11     | Noticed a tengu warrior
 14109 | D:11     | Found a bloodstained altar of Trog.
 14902 | D:11     | Noticed Pokonic1's ghost (journeyman FoFi)
 14902 | D:11     | Noticed a two-headed ogre
 14904 | D:11     | Found a transporter.
 15098 | D:12     | Noticed a boulder beetle
 15105 | D:12     | Killed a boulder beetle
 15289 | D:12     | Noticed a two-headed ogre
 15296 | D:12     | Killed a two-headed ogre
 15297 | D:12     | Reached skill level 10 in Spellcasting
 15297 | D:12     | Reached skill level 10 in Conjurations
 15297 | D:12     | Reached skill level 10 in Hexes
 15297 | D:12     | Reached skill level 10 in Summonings
 15297 | D:12     | Reached skill level 10 in Necromancy
 15297 | D:12     | Reached skill level 10 in Translocations
 15297 | D:12     | Reached skill level 10 in Fire Magic
 15297 | D:12     | Reached skill level 10 in Ice Magic
 15297 | D:12     | Reached skill level 10 in Air Magic
 15297 | D:12     | Reached skill level 10 in Earth Magic
 15297 | D:12     | Reached skill level 10 in Alchemy
 15297 | D:12     | Reached XP level 13. HP: 86/100 MP: 0/0
 15297 | D:12     | Learned a level 5 spell: Freezing Cloud
 15464 | D:12     | Reached skill level 12 in Fighting
 16038 | Lair:1   | Entered Level 1 of the Lair of Beasts
 16482 | Lair:1   | Reached skill level 5 in Dodging
 16827 | Lair:2   | Noticed a seven-headed hydra
 16838 | Lair:2   | Killed a seven-headed hydra
 17020 | Lair:2   | Found a hole to the Spider Nest.
 17345 | Lair:2   | Noticed Urug
 17355 | Lair:2   | Killed Urug
 17682 | Lair:2   | Reached ****** piety under Makhleb
 17754 | Lair:2   | You are sucked into a shaft and drop 1 floor!
 17827 | Lair:3   | Found a transporter.
 17887 | Lair:3   | Found a transporter.
 17889 | Lair:3   | Noticed freelancePsychic's ghost (journeyman DjSh)
 17896 | Lair:3   | Found a one-way gate to the infinite horrors of the Abyss.
 17970 | Lair:3   | Found a staircase to the Swamp.
 18337 | Lair:3   | Noticed Prince Ribbit
 18341 | Lair:3   | Killed Prince Ribbit
 18396 | Lair:3   | Reached XP level 14. HP: 106/108 MP: 0/0
 18500 | Lair:3   | Reached skill level 13 in Fighting
 20014 | Lair:5   | Entered Level 5 of the Lair of Beasts
 20203 | Lair:5   | Found a viscous altar of Jiyva.
 20203 | Lair:5   | Found a staircase to the Slime Pits.
 20482 | Lair:5   | Reached XP level 15. HP: 96/116 MP: 0/0
 20482 | Lair:5   | Learned a level 6 spell: Sculpt Simulacrum
 20923 | Lair:5   | Identified the blade talisman of Refuge {rElec rN+}
 21222 | Lair:5   | Reached skill level 14 in Fighting
 22476 | Lair:5   | Identified the +3 ring mail of the Giraffatuar {rN+ Stlth+}
 22851 | Orc:1    | Entered Level 1 of the Orcish Mines
 23219 | Orc:2    | Entered Level 2 of the Orcish Mines
 23912 | Orc:2    | Reached skill level 10 in Dodging
 24081 | Orc:2    | Found Usialilemn's Overcharged Wands.
 24146 | Orc:2    | Found Xoin's Magic Scroll Emporium.
 24583 | Orc:2    | Found Akiq Irche's General Store.
 24598 | Orc:2    | Bought a scroll of blinking for 112 gold pieces
 24598 | Orc:2    | Bought a scroll of teleportation for 45 gold pieces
 24598 | Orc:2    | Bought a scroll of immolation for 60 gold pieces
 24598 | Orc:2    | Bought a scroll of immolation for 60 gold pieces
 24600 | Orc:2    | Bought a scroll of teleportation for 36 gold pieces
 24620 | Orc:2    | Noticed Josephine
 24631 | Orc:2    | Killed Josephine
 24635 | Orc:2    | Reached skill level 10 in Invocations
 24900 | Orc:2    | Found a staircase to the Elven Halls.
 25674 | Orc:2    | Reached skill level 1 in Shields
 25674 | Orc:2    | Paralysed by an orc sorcerer for 3 turns
 25675 | Orc:2    | Reached XP level 16. HP: 60/124 MP: 0/0
 25720 | Orc:2    | Paralysed by an orc sorcerer for 3 turns
 25864 | Orc:2    | Found Fudi's Antique Weapon Boutique.
 25864 | Orc:2    | Found Ycerets's Jewellery Shop.
 25865 | Orc:2    | Found a one-way gate leading to the halls of Pandemonium.
 26034 | Orc:2    | Bought a wand of acid (18) for 1134 gold pieces
 26517 | D:13     | Found a gate to the Vaults.
 27143 | D:13     | Reached skill level 15 in Fighting
 27292 | D:13     | Acquired a manual of Invocations
 28729 | D:15     | Entered Level 15 of the Dungeon
 28757 | D:15     | Found a gate leading to a gauntlet.
 28773 | Gauntlet | Entered a Gauntlet
 28773 | Gauntlet | Found a transporter.
 28890 | Gauntlet | Found a transporter.
 28905 | Gauntlet | Found a transporter.
 28907 | Gauntlet | Found a large runed translucent door.
 28907 | Gauntlet | Found a large runed translucent door.
 28908 | Gauntlet | Found a large runed translucent door.
 28908 | Gauntlet | Found a large runed translucent door.
 28909 | Gauntlet | Found a large runed translucent door.
 28909 | Gauntlet | Found a large runed translucent door.
 28909 | Gauntlet | Found a runed translucent door.
 28909 | Gauntlet | Found a runed translucent door.
 28909 | Gauntlet | Found a large runed translucent door.
 28910 | Gauntlet | Found a transporter.
 28927 | Gauntlet | Found a transporter.
 28941 | Gauntlet | Found a large runed translucent door.
 28942 | Gauntlet | Found a large runed translucent door.
 28943 | Gauntlet | Found a large runed translucent door.
 28943 | Gauntlet | Found a large runed translucent door.
 28944 | Gauntlet | Found a runed translucent gate.
 28945 | Gauntlet | Found a transporter.
 28945 | Gauntlet | Found a runed translucent gate.
 28946 | Gauntlet | Found a runed translucent gate.
 28947 | Gauntlet | Found a large runed translucent door.
 28947 | Gauntlet | Found a large runed translucent door.
 28948 | Gauntlet | Found a large runed translucent door.
 28949 | Gauntlet | Found a large runed translucent door.
 28957 | Gauntlet | Found a transporter.
 28969 | Gauntlet | Found a transporter.
 28981 | Gauntlet | Found a transporter.
 28993 | Gauntlet | Found a transporter.
 29010 | Gauntlet | Found a transporter.
 29028 | Gauntlet | Found a transporter.
 29030 | Gauntlet | Found a transporter.
 29055 | Gauntlet | Found a transporter.
 29057 | Gauntlet | Found a transporter.
 29077 | Gauntlet | Found a transporter.
 29151 | Gauntlet | Found a large runed translucent door.
 29155 | Gauntlet | Found a transporter.
 29175 | Gauntlet | Found a transporter.
 29492 | Gauntlet | Identified the +1 helmet of Ofithriso {^Drain rF+++ rCorr
                  | Int+3}
 29944 | Gauntlet | Identified the ring "Oriora" {rCorr MP+9}
 29985 | D:15     | Reached skill level 5 in Shields
 30160 | D:15     | Found a staircase to the Depths.
 30993 | Swamp:1  | Entered Level 1 of the Swamp
 31068 | Swamp:1  | Reached XP level 17. HP: 90/131 MP: 0/0
 31068 | Swamp:1  | Learned a level 7 spell: Summon Hydra
 32201 | Swamp:1  | Noticed Roxanne
 32218 | Swamp:1  | Noticed Mlioglotl
 32229 | Swamp:1  | Killed Mlioglotl
 33303 | Swamp:2  | Reached skill level 16 in Fighting
 33429 | Swamp:2  | Found a runed translucent door.
 34782 | Swamp:3  | Identified the +0 scale mail of Dewures {rN+ Stlth+}
 34991 | Swamp:4  | Entered Level 4 of the Swamp
 35246 | Swamp:4  | Reached XP level 18. HP: 101/140 MP: 0/0
 35505 | Swamp:4  | Reached skill level 15 in Spellcasting
 35505 | Swamp:4  | Reached skill level 15 in Conjurations
 35505 | Swamp:4  | Reached skill level 15 in Hexes
 35505 | Swamp:4  | Reached skill level 15 in Summonings
 35505 | Swamp:4  | Reached skill level 15 in Necromancy
 35505 | Swamp:4  | Reached skill level 15 in Translocations
 35505 | Swamp:4  | Reached skill level 15 in Fire Magic
 35505 | Swamp:4  | Reached skill level 15 in Ice Magic
 35505 | Swamp:4  | Reached skill level 15 in Air Magic
 35505 | Swamp:4  | Reached skill level 15 in Earth Magic
 35505 | Swamp:4  | Reached skill level 15 in Alchemy
 35609 | Abyss:2  | Cast into level 2 of the Abyss (an occultist)
 35613 | Swamp:4  | Escaped the Abyss
 36296 | Swamp:4  | Noticed a tentacled monstrosity
 36302 | Swamp:4  | Killed a tentacled monstrosity
 36340 | Swamp:4  | Noticed a tentacled monstrosity
 36914 | Swamp:4  | Reached skill level 15 in Invocations
 37320 | Swamp:4  | Paralysed by a fenstrider witch for 2 turns
 37591 | Swamp:4  | Killed a tentacled monstrosity
 37869 | Swamp:4  | Got a decaying rune of Zot
 38482 | Spider:1 | Entered Level 1 of the Spider Nest
 41168 | Spider:2 | Reached skill level 17 in Fighting
 41792 | Spider:2 | Reached XP level 19. HP: 126/148 MP: 0/0
 41792 | Spider:2 | Learned a level 7 spell: Enfeeble
 42198 | Spider:2 | You are sucked into a shaft and drop 1 floor!
 45275 | Spider:4 | Entered Level 4 of the Spider Nest
 45346 | Spider:4 | Reached skill level 10 in Shields
 48909 | Spider:4 | Got a gossamer rune of Zot
 49286 | Vaults:1 | Entered Level 1 of the Vaults
 49412 | Vaults:1 | Found a magical portal.
 49417 | WizLab   | Entered The Roulette of Golubria
 49417 | WizLab   | Found a transporter.
 49420 | WizLab   | Found a corrupted altar of Lugonu.
 49431 | WizLab   | Reached skill level 18 in Fighting
 49666 | WizLab   | Reached skill level 1 in Armour
 49855 | WizLab   | Found a transporter.
 49917 | WizLab   | Found a corrupted altar of Lugonu.
 49920 | WizLab   | Found a corrupted altar of Lugonu.
 49923 | WizLab   | Found a transporter.
 49965 | WizLab   | Reached XP level 20. HP: 83/157 MP: 0/0
 50248 | WizLab   | Found a transporter.
 50248 | WizLab   | Found a transporter.
 50252 | WizLab   | Found a corrupted altar of Lugonu.
 50253 | WizLab   | Found a corrupted altar of Lugonu.
 50276 | WizLab   | Found a transporter.
 50400 | WizLab   | Found a transporter.
 50400 | WizLab   | Found a transporter.
 50572 | WizLab   | Found a transporter.
 50656 | WizLab   | Found a transporter.
 50656 | WizLab   | Found a transporter.
 50741 | WizLab   | Found a transporter.
 50741 | WizLab   | Found a transporter.
 50931 | WizLab   | Found a transporter.
 50931 | WizLab   | Found a transporter.
 50943 | WizLab   | HP: 6/157 [reaper/+1 scythe of distortion (12)]
 51290 | WizLab   | Noticed a profane servitor
 51290 | WizLab   | Found a transporter.
 51290 | WizLab   | Found a transporter.
 51295 | WizLab   | Found a corrupted altar of Lugonu.
 51307 | WizLab   | Found a corrupted altar of Lugonu.
 51309 | WizLab   | Killed a profane servitor
 51456 | WizLab   | Found a corrupted altar of Lugonu.
 51468 | WizLab   | Found a transporter.
 51468 | WizLab   | Found a transporter.
 51624 | WizLab   | Noticed a golden dragon
 51629 | WizLab   | HP: 4/157 [demonspawn corrupter/+1 demon trident of
                  | electrocution (11)]
 51629 | WizLab   | Slain by a demonspawn corrupter

Illustrated notes

Levels and vault maps discovered:
D:1:      wheals_arrival_shading, layout_basic
D:2:      layout_loops_ring, basic_altar, uniq_crazy_yiuf_cottage
D:3:      layout_loops_ring, hellmonk_ecumenical_altar_leap_of_faith,
          columned_hall_lemuel, minmay_fractal_squares_5
D:4:      nicolae_cairo_tiling_very_big, layout_basic,
          mainiacjoe_overflow_surrounded_room, mainiacjoe_overflow_swirl
D:5:      layout_loops_ring, nicolae_ossuary_entry_monument,
          dreamdust_mushroom_princess, kennysheep_generic_room_8,
          uniq_blork_the_orc, uniq_pikel
D:6:      layout_loops_ring, minmay_temple_entry_glassed_door,
          minmay_fountain_box, minmay_divided_ellipse
D:7:      layout_basic
D:8:      layout_basic, mainiacjoe_overflow_concentric_impassable,
          grunt_ogre_cave, chequers_serial_rivers_micro_d
D:9:      layout_loops_corners, serial_library_hellmonk_recessed_alcove,
          grunt_ministairs_2
D:10:     minmay_gate_of_8, layout_rooms, david_lair_generic, uniq_maurice
D:11:     minmay_bubble_buster, layout_loops_cross, zombieorc1_lemuel,
          gammafunk_ghost_wrathful_warriors, special_room [special_room_orc],
          minmay_diced_spiral
D:12:     layout_long_grid
D:13:     layout_loops_cross, erik_vaults_2, serial_co_window_serial,
          co_window_of_opportunity_a, co_window_paths_b, co_window_cross_1,
          co_window_corner_a, co_window_corner_a, co_window_paths_c,
          co_window_broadway_b, co_window_cross_4, co_window_of_opportunity_b,
          glass_columns_b, glass_columns_a
D:14:     layout_irregular_city, minmay_misc_feat_x
D:15:     grunt_enter_depths_hoard, layout_loops_ring, gauntlet_entry_generic
Lair:1:   layout_long_grid, serial_bayou_shore_a, grunt_megastairs_5,
          lemuel_fruit_tree
Lair:2:   layout_gridlike, nicolae_spider_entry_tight_spaces,
          nicolae_lair_run_with_the_wolves, uniq_urug
Lair:3:   layout_regular_city, swamp_mist_pool, gammafunk_ghost_abyssal_escape,
          nicolae_lair_lindhole, uniq_prince_ribbit2
Lair:4:   layout_cave_pods, st_stairs_3, pond, infiniplex_staircase_pool
Lair:5:   guppyfry_lair_end_dragon, layout_regular_city,
          hangedman_lair_tendril_chambers, minmay_slime_entry_pillars,
          serial_bayou_shore_b
Swamp:1:  layout_basic_swamp, serial_swamp_ruin, evilmike_swamp_ruin_house_6,
          evilmike_swamp_ruin_house_5, evilmike_swamp_ruin_house_4,
          swamp_pool_4, uniq_roxanne, uniq_mlioglotl
Swamp:2:  layout_falls_marsh, evilmike_swamp_ruin_wall, swamp_pool_4,
          nzn_swamp_weyward_sisters
Swamp:3:  layout_basic_swamp, hangedman_swamp_ruin_wall
Swamp:4:  nzn_swamp_witches_coven, layout_basic_swamp
Spider:1: layout_spider_delve
Spider:2: layout_chambers, nicolae_spider_swamp_cousins,
          nicolae_spider_cling_halls
Spider:3: layout_chambers, nicolae_spider_stair_cavern
Spider:4: grunt_spider_rune_circles, nicolae_spider_world_wide_web
Orc:1:    layout_caves
Orc:2:    pf_orc_diabolical, layout_caves, nicolae_shop_overcharged_wands,
          uniq_josephine
Vaults:1: mu_enter_wizlab_1, vaults_room_corners, nicolae_vaults_house_2,
          nicolae_vaults_storage_closets_1, vaults_room_fours,
          nicolae_vaults_little_ls, nicolae_vaults_tetromino_Z_1,
          nicolae_vaults_specimen_jars, hangedman_vaults_river_flow,
          nicolae_vaults_closet_pinwheel_4, layout_vaults_omnigrid,
          serial_shops, shop
WizLab:   wizlab_golubria

Skill      XL: |  1  2  3  4  5  6  7  8  9 10 11 12 13 14 15 16 17 18 19 20 |
---------------+-------------------------------------------------------------+-----
Spellcasting   | 1 2 3 4 6 8 10 11 12 13 14 15 17 | 17.3
Conjurations   | 1 2 3 4 6 8 10 11 12 13 14 15 17 | 17.3
Hexes          | 1 2 3 4 6 8 10 11 12 13 14 15 17 | 17.3
Summonings     | 1 2 3 4 6 8 10 11 12 13 14 15 17 | 17.3
Necromancy     | 1 2 3 4 6 8 10 11 12 13 14 15 17 | 17.3
Translocations | 1 2 3 4 6 8 10 11 12 13 14 15 17 | 17.3
Fire Magic     | 1 2 3 4 6 8 10 11 12 13 14 15 17 | 17.3
Ice Magic      | 1 2 3 4 6 8 10 11 12 13 14 15 17 | 17.3
Air Magic      | 1 2 3 4 6 8 10 11 12 13 14 15 17 | 17.3
Earth Magic    | 1 2 3 4 6 8 10 11 12 13 14 15 17 | 17.3
Alchemy        | 1 2 3 4 6 8 10 11 12 13 14 15 17 | 17.3
Fighting       | 2 3 5 7 9 10 11 12 13 14 15 16 17 18 | 18.2
Invocations    | 1 2 3 5 6 8 9 10 12 14 15 | 15.8
Evocations     | 1 2 3 5 7 |  7.0
Dodging        | 3 7 9 10 | 10.4
Shields        | 1 5 7 9 10 | 10.0
Armour         | 1 3 |  3.1
Unarmed Combat | |  3.0
Shapeshifting  | |  2.6

Action                     |  1- 3 |  4- 6 |  7- 9 | 10-12 | 13-15 | 16-18 | 19-21 || total
---------------------------+-------+-------+-------+-------+-------+-------+-------++-------
  Melee: Unarmed           |   121 |    14 |       |       |       |       |       ||   135
         Punch             |     2 |     4 |     2 |     9 |       |       |       ||    17
         Staff             |    10 |   245 |   121 |   146 |    22 |    30 |    18 ||   592
   Cast: Slow              |     5 |     1 |       |     1 |       |       |       ||     7
         Static Discharge  |       |     8 |    15 |     9 |     1 |       |       ||    33
         Fulminant Prism   |       |       |       |    34 |       |     4 |       ||    38
         Sticky Flame      |       |       |       |   115 |    83 |   122 |    36 ||   356
         Freezing Cloud    |       |       |       |       |   206 |   129 |    23 ||   358
         Sculpt Simulacrum |       |       |       |       |    40 |     9 |     1 ||    50
         Summon Hydra      |       |       |       |       |       |   134 |   170 ||   304
         Enfeeble          |       |       |       |       |       |       |    42 ||    42
 Invoke: Minor Destruction |       |       |   189 |    66 |       |     1 |       ||   256
         Lesser Servant of |       |       |       |     2 |       |     1 |       ||     3
         Greater Servant o |       |       |       |       |     2 |     6 |       ||     8
Ability: Begin Untransform |     1 |       |       |       |       |       |       ||     1
  Evoke: Wand              |       |     5 |     8 |     5 |     1 |    12 |     6 ||    37
         Phantom mirror    |       |       |       |       |       |     1 |       ||     1
         Lightning rod     |       |       |       |       |       |       |     4 ||     4
         Phial of floods   |       |       |       |       |       |       |     1 ||     1
    Use: Potion            |       |     2 |     4 |     4 |     3 |     8 |     9 ||    30
         Scroll            |       |     5 |     7 |     5 |     7 |    19 |    14 ||    57
 Armour: Animal skin       |    18 |       |       |       |       |       |       ||    18
         Leather armour    |    51 |   123 |   191 |   249 |   181 |   396 |   243 ||  1434
         Skin              |       |    10 |       |       |       |       |       ||    10
  Dodge: Dodged            |    70 |   263 |   280 |   491 |   529 |   723 |   444 ||  2800
  Block: Buckler           |       |       |       |       |       |   161 |   130 ||   291

Table legend: (Time is in decaauts)
 A = Elapsed time spent in this place.
 B = Non-inter-level travel time spent in this place.
 C = Inter-level travel time spent in this place.
 D = Time resting spent in this place.
 E = Time spent auto-exploring this place.
 F = Levels seen in this place.
 G = Mean time per level.
                   A        B        C        D        E       F      G
               +--------+--------+--------+--------+--------+-----+--------+
         Total |  51811 |  49681 |   2130 |   3160 |  38649 |  35 | 1480.3 |
       Dungeon |  19121 |  18103 |   1018 |    967 |  14126 |  15 | 1274.7 |
          Lair |   7294 |   6785 |    509 |    238 |   5460 |   5 | 1458.8 |
         Swamp |   7355 |   7183 |    172 |    616 |   5620 |   4 | 1838.8 |
   Spider Nest |  10385 |  10029 |    356 |    567 |   8186 |   4 | 2596.2 |
  Orcish Mines |   3253 |   3180 |     73 |      0 |   2652 |   2 | 1626.5 |
        Vaults |    130 |    130 |      0 |     89 |      0 |   1 |  130.0 |
         Abyss |      3 |      3 |      0 |      0 |      0 |   1 |    3.0 |
       Ossuary |    877 |    877 |      0 |      0 |    491 |   1 |  877.0 |
        Wizlab |   2212 |   2212 |      0 |    329 |   1522 |   1 | 2212.0 |
      Gauntlet |   1176 |   1176 |      0 |    354 |    592 |   1 | 1176.0 |
               +--------+--------+--------+--------+--------+-----+--------+

Top non-repeatable levels by time:
Spider:4: 3388 daAuts
Spider:2: 3174 daAuts
   Orc:2: 2882 daAuts
 Swamp:4: 2847 daAuts
  Lair:5: 2631 daAuts
Spider:3: 2554 daAuts
  WizLab: 2212 daAuts
     D:6: 1998 daAuts
    D:11: 1987 daAuts
     D:8: 1637 daAuts
     D:7: 1632 daAuts
 Swamp:3: 1541 daAuts
 Swamp:1: 1516 daAuts
 Swamp:2: 1450 daAuts
     D:9: 1435 daAuts
